cohdb
Replays
Latest Replays
All Replays
Popular Replays
Top Player Replays
Match Explorer
How It Works
Community
CoH3 Stats
Reddit
Sign in to upload your games and track your stats! →
Sign in with Steam
Match 24783859
Unlisted
Match 24783859
Overview
Messages
Build Orders
End
Selects Airborne Battlegroup
Selects Pathfinders
Pathfinder Squad
Construct Weapon Support Center
M1919 Machine Gun Team
Sniper
Pathfinder Squad
Selects Paratrooper Squad Paradrop
Paratrooper Squad Paradrop
Infantry Support Center
M3 Armored Personnel Carrier
Construct Medical Station
Engineer Squad
M3 Armored Personnel Carrier
Selects Anti-tank Gun Team Paradrop
Selects Recon Loiter
M1919 Machine Gun Team
Paratrooper Squad Paradrop
Munitions Surplus
Selects Supply Drop
Sniper
Recon Loiter
Construct Tank Depot
M18 Hellcat Tank Destroyer
Recon Loiter
Selects Carpet Bombing Run
ConcernedApe
TakePTOandPlayCoh3
0
0
Comments
sign in to comment!
No comments posted yet!